 Dungeon Crawl Stone Soup version 0.27-a0-1312-g5cdb2b3542 (webtiles) character file.

Game seed: 6533318913076863647

106 freelancePsychic the Sneak (level 4, -1/30 HPs)
             Began as an Octopode Brigand on June 19, 2021.
             Killed from afar by an orc wizard (6 damage)
             ... with a magic dart
             ... on level 3 of the Dungeon.
             The game lasted 00:05:08 (3539 turns).

freelancePsychic the Sneak (Octopode Brigand)       Turns: 3539, Time: 00:05:09

Health: -1/30      AC:  1    Str: 10    XL:     4   Next: 84%
Magic:  4/4        EV: 12    Int: 14    God:
Gold:   142        SH:  0    Dex: 13    Spells: 3/3 levels left

rFire    . . .     SeeInvis .   a - +2 dagger
rCold    . . .     Faith    .   (no shield)
rNeg     . . .     Spirit   .   (helmet restricted)
rPois    .         Reflect  .   (no amulet)
rElec    .         Harm     .   k - ring of wizardry
rCorr    .         Rampage  .   (no ring)
Will     .....                  (no ring)
Stlth    ++++......             (no ring)
HPRegen  0.10/turn              (no ring)
MPRegen  0.09/turn              (no ring)
                                (no ring)
                                (no ring)

@: no status effects
A: almost no armour, amphibious, 8 rings, camouflage 1, gelatinous body 1,
(nimble swimmer 1), tentacles
a: no special abilities


You were on level 3 of the Dungeon.
You visited 1 branch of the dungeon, and saw 3 of its levels.

You collected 142 gold pieces.

Inventory:

Hand Weapons
 a - a +2 dagger (weapon)
Missiles
 b - 8 poisoned darts (quivered)
 c - 2 curare-tipped darts
 g - a throwing net
Jewellery
 k - a ring of wizardry (left tentacle)
 l - a +6 ring of dexterity
Scrolls
 d - a scroll of fog
 i - 2 scrolls of magic mapping {unknown}
 m - a scroll of identify {@r1}
 n - a scroll of brand weapon {unknown}
Potions
 e - 3 potions of curing {unknown}
 f - a potion of flight {unknown}
 h - 2 potions of degeneration {unknown}
 j - a potion of brilliance {unknown}


   Skills:
 - Level 2.3 Fighting
 + Level 3.2 Short Blades
 - Level 2.5 Throwing
 - Level 1.0 Dodging
 + Level 6.8 Stealth


You had 3 spell levels left.
You didn't know any spells.
Your spell library contained the following spells:

 Spells                   Type           Power      Damage    Failure   Level
 Animate Skeleton         Necr           0%         N/A       12%         1
 Apportation              Tloc           0%         N/A       12%         1
 Corona                   Hex            0%         N/A       12%         1
 Pain                     Necr           0%         1d4       12%         1
 Summon Small Mammal      Summ           0%         N/A       12%         1
 Vampiric Draining        Necr           0%         2d6       32%         3
 Animate Dead             Necr           0%         N/A       71%         4
 Agony                    Necr           0%         N/A       95%         5


Dungeon Overview and Level Annotations

Branches:
Dungeon (3/15)

Altars:

Shops:
D:2 *


Innate Abilities, Weirdness & Mutations

You cannot wear most types of armour.
You are amphibious.
You can wear up to eight rings at the same time.
Your skin changes colour to match your surroundings (Stealth+).
Your rubbery body absorbs attacks. (AC +1, EV +1)
((You are camouflaged near water. (Stealth+)))
You have tentacles for arms and can constrict up to eight enemies at once.


Message History

You hit the orc. You grab the orc.
The orc is moderately wounded.
You constrict the orc, but do no damage.
The orc hits you with a +0 short sword.
A dart slug comes into view.
You hit the orc.
You kill the orc!
You completely miss something. Something hits you.
You completely miss something. Something hits you.
You are too injured to fight recklessly!
You are too injured to fight recklessly!
You are too injured to fight recklessly!
You are too injured to fight recklessly!
You are too injured to fight recklessly!
You are too injured to fight recklessly!
You are too injured to fight recklessly!
You are too injured to fight recklessly!
You are too injured to fight recklessly!
You are too injured to fight recklessly!
You hit something. Something hits you.
You miss something. You hit something.
You hear some strange, mumbled words.
You are confused.
You hit something. Something hits you.
You bump into the rock wall.
Something completely misses you.
You bump into the rock wall.
Something hits you.
You bump into the rock wall.
Something hits you.
You bump into the rock wall.
Something hits you.
* * * LOW HITPOINT WARNING * * *
You bump into the rock wall.
You hear some strange, mumbled words.
A puff of flame appears from out of thin air!
The puff of flame misses you.
You miss something.
You feel less confused.
You hear some strange, mumbled words.
A magic dart appears from out of thin air!
The magic dart hits you.
You die...

.##................####.# ##.##
.##.....................# #....
.#######.....############ #..##
## #.....# #.. #..# # ###.###
#.# #..# #.# #w# #..# #.# #o#
####.)# #.# #{# #.....# #.# #@#
#.##.## ###### #.#
##.###.#####.##.# .....# #.#
#............##.#
####†#####.####..###.#####.##.#
#.#...........# #.##.......#
#...###.####.## #..........#
##### #.# #.# #.##.......# #.#
#.####..........# ##.##
#.##............#


You could see a dart slug and an orc.

Vanquished Creatures
  5 gnolls
  A dart slug (D:1)
  An orc (D:3)
  6 bats
  6 endoplasms
  3 giant cockroaches
  4 goblins
  3 hobgoblins
  6 jackals
  A quokka (D:1)
  7 ball pythons
  4 kobolds
  6 rats
53 creatures vanquished.

Vanquished Creatures (others)
  A plant (D:2)
1 creature vanquished.

Grand Total: 54 creatures vanquished

Notes
Turn   | Place    | Note
-------+----------+-------------------------------------------
     0 | D:1      | freelancePsychic the Octopode Brigand began the quest for
                  | the Orb.
     0 | D:1      | Reached XP level 1. HP: 14/14 MP: 1/1
    61 | D:1      | Reached XP level 2. HP: 20/20 MP: 2/2
   208 | D:1      | Reached XP level 3. HP: 16/25 MP: 3/3
   929 | D:2      | Reached skill level 6 in Stealth
  1195 | D:2      | Found a faded altar of an unknown god.
  1283 | D:2      | Found Caallinniof's Assorted Antiques.
  2513 | D:3      | Reached XP level 4. HP: 23/30 MP: 4/4
  3539 | D:3      | Killed from afar by an orc wizard

Illustrated notes

Levels and vault maps discovered:
D:1:      lemuel_arrival_room, layout_basic, st_stairs_13
D:2:      layout_basic, serial_forest, infiniplex_forest_clump_small,
          infiniplex_forest_fountain, infiniplex_forest_lined_room_3,
          infiniplex_forest_corner_1, infiniplex_forest_split,
          infiniplex_forest_zigzag_1, infiniplex_forest_end_double,
          infiniplex_forest_clump_medium, serial_shops, shop_fountains,
          shapermc_ecumenical_altar_mp_urbaneastern
D:3:      layout_loops_ring

Skill      XL: |  1  2  3  4 |
---------------+-------------+-----
Stealth        | 6 |  6.8
Short Blades   | 3 |  3.2
Fighting       | |  2.3
Throwing       | |  2.5
Dodging        | |  1.0

Action                   |  1- 3 |  4- 6 || total
-------------------------+-------+-------++-------
Melee: Dagger            |    77 |    35 ||   112
       Tentacles         |    11 |     5 ||    16
       Constrict         |    13 |     6 ||    19
  Use: Scroll            |     2 |     1 ||     3
 Stab: Sleeping          |    14 |     4 ||    18
Armor: Skin              |    10 |     3 ||    13
Dodge: Dodged            |    36 |    18 ||    54

Table legend: (Time is in decaauts)
 A = Elapsed time spent in this place.
 B = Non-inter-level travel time spent in this place.
 C = Inter-level travel time spent in this place.
 D = Time resting spent in this place.
 E = Time spent auto-exploring this place.
 F = Levels seen in this place.
 G = Mean time per level.
                   A        B        C        D        E       F      G
               +--------+--------+--------+--------+--------+-----+--------+
         Total |   3526 |   3382 |    144 |    420 |   2566 |   3 | 1175.3 |
       Dungeon |   3526 |   3382 |    144 |    420 |   2566 |   3 | 1175.3 |
               +--------+--------+--------+--------+--------+-----+--------+

Top non-repeatable levels by time:
     D:2: 1783 daAuts
     D:1: 899 daAuts
     D:3: 843 daAuts
